 Dungeon Crawl Stone Soup version 0.25.1-2-g60ff931df9 (webtiles) character file.

Game seed: 9906750932126655520

149 Erymatos the Chopper (level 5, 0/47 HPs)
             Began as a Minotaur Berserker on Nov 12, 2020.
             Was a Believer of Trog.
             Slain by a scorpion (2 damage)
             ... on level 4 of the Dungeon.
             The game lasted 00:03:02 (2078 turns).

Erymatos the Chopper (Minotaur Berserker)           Turns: 2078, Time: 00:03:02

Health: 0/47       AC:  5    Str: 23    XL:     5   Next: 9%
Magic:  4/4        EV:  9    Int:  4    God:    Trog [**....]
Gold:   178        SH:  7    Dex:  9    Spells: 4/4 levels left

rFire    . . .     SeeInvis .   a - +0 hand axe
rCold    . . .     Gourm    .   o - +0 kite shield
rNeg     . . .     Faith    .   g - +0 ring mail
rPois    .         Spirit   .   (helmet restricted)
rElec    .         Reflect  .   (no cloak)
rCorr    .         Harm     .   (no gloves)
MR       .....                  (no boots)
Stlth    ..........             (no amulet)
HPRegen  0.15/turn              (no ring)
MPRegen  0.09/turn              (no ring)

@: berserk cooldown, slowed, very slow
A: retaliatory headbutt, horns 2
a: Berserk, Trog's Hand, Renounce Religion


You were on level 4 of the Dungeon.
You worshipped Trog.
Trog was pleased with you.
You were hungry.

You visited 1 branch of the dungeon, and saw 4 of its levels.
You visited the Abyss 1 time.

You collected 178 gold pieces.

Inventory:

Hand Weapons
 a - a +0 hand axe (weapon)
Armour
 b - a +0 animal skin
 g - a +0 ring mail (worn)
 o - a +0 kite shield (worn)
Scrolls
 d - 3 scrolls of immolation {unknown}
 h - a scroll of blinking {unknown}
 i - 4 scrolls of identify {unknown}
 j - 2 scrolls of teleportation {unknown}
 p - a scroll of random uselessness {unknown}
Potions
 e - 3 potions of magic {unknown}
 f - a potion of heal wounds {unknown}
 k - a potion of cancellation {unknown}
 l - a potion of mutation {unknown}
 m - 2 potions of resistance {unknown}
 n - 2 potions of haste {unknown}
Comestibles
 c - 8 rations
 q - a chunk of flesh


   Skills:
 + Level 4.8 Fighting
 + Level 5.3 Axes
 + Level 3.3 Armour
 + Level 2.8 Dodging
 + Level 0.6 Shields


You had 4 spell levels left.
You didn't know any spells.
Your spell library was empty.

Dungeon Overview and Level Annotations

Branches:
Dungeon (4/15)
 Temple: D:4-7

Altars:
Yredelemnul

Annotations:
D:4 Robin


Innate Abilities, Weirdness & Mutations

You reflexively headbutt those who attack you in melee.
You have a pair of horns on your head.


Message History

You block the goblin's attack. The hobgoblin hits you with a +0 club.
* * * LOW HITPOINT WARNING * * *
Robin of the Strong Arm comes into view.
They are wielding a +0 club and wearing the +1 helmet of Mor Jaqu {rElec}.
The scorpion barely misses you.
You completely miss the hobgoblin.
The hobgoblin is moderately wounded.
Your shield prevents you from hitting the goblin.
You hit the scorpion but do no damage. You barely miss the hobgoblin.
The goblin closely misses you. You furiously retaliate!
You headbutt the goblin.
You kill the goblin!
Trog accepts your kill. Robin throws the goblin at you!
* * * LOW HITPOINT WARNING * * *
The hobgoblin closely misses you. You furiously retaliate!
You headbutt the hobgoblin.
You kill the hobgoblin!
Trog accepts your kill. The hobgoblin barely misses you.
The scorpion stings you.
You die...

..##
#....########.#
#.# ...#
...#......รท...#
##.# ...#
...#..........#
#..# ...##
............<.#
##.## .....
....#..#.####.#
#..# ..###
#.....# ..###.##
#..# .....#.#.#
####..# ..# ....
#.#)# ###.## ..
... #Jg@# #...#
. #..#sg# #.###
##..gg# ##.#
##..g# #..#
##..g #### #...
#... ...#.


You could see a scorpion, Robin, an ooze, 2 hobgoblins and 3 goblins.

Vanquished Creatures
  A small abomination (Abyss:1)
  4 adders
  A worm (D:2)
  An orc (D:3)
  2 giant cockroaches
  5 goblins
  5 hobgoblins
  2 kobolds
  A quokka (D:4)
  5 bats (D:1)
  5 frilled lizards
  3 rats
35 creatures vanquished.

Notes
Turn   | Place    | Note
-------+----------+-------------------------------------------
     0 | D:1      | Erymatos the Minotaur Berserker began the quest for the
                  | Orb.
     0 | D:1      | Reached XP level 1. HP: 19/19 MP: 0/0
   172 | D:1      | Reached XP level 2. HP: 26/27 MP: 1/1
   311 | D:1      | Reached skill level 4 in Axes
   753 | D:2      | Reached XP level 3. HP: 33/33 MP: 2/2
  1041 | D:2      | Reached ** piety under Trog
  1505 | D:3      | Found a basalt altar of Yredelemnul.
  2024 | D:4      | Noticed a scorpion
  2024 | D:4      | Reached XP level 4. HP: 41/41 MP: 3/3
  2025 | D:4      | Cast into level 1 of the Abyss (goblin)
  2043 | Abyss:1  | Noticed a small abomination
  2071 | Abyss:1  | Killed a small abomination
  2071 | Abyss:1  | Reached skill level 5 in Axes
  2071 | Abyss:1  | Reached XP level 5. HP: 39/47 MP: 4/4
  2076 | D:4      | Escaped the Abyss
  2077 | D:4      | Identified the +1 helmet of Mor Jaqu {rElec}
  2077 | D:4      | Noticed Robin
  2078 | D:4      | HP: 2/47 [Robin/goblin (1)]
  2078 | D:4      | Slain by a scorpion

Illustrated notes

Levels and vault maps discovered:
D:1:      lemuel_arrival_tunnels, layout_rooms, chequers_serial_rivers_micro_c
D:2:      layout_rooms, nrook_mini_vaults, minmay_misc_feat_columns,
          kennysheep_generic_room_14
D:3:      layout_basic, nicolae_overflow_crystal_walls
D:4:      layout_rooms, grunt_temple_overflow_forces_of_nature,
          ashenzari_conservatory_becter, grunt_ministairs_3, uniq_robin

Skill      XL: |  1  2  3  4 |
---------------+-------------+-----
Fighting       | 4 |  4.8
Axes           | 4 5 |  5.3
Armour         | 3 |  3.3
Dodging        | |  2.8
Shields        | |  0.6

Action                   |  1- 3 |  4- 6 || total
-------------------------+-------+-------++-------
Melee: Hand axe          |    56 |     8 ||    64
       Headbutt          |     8 |       ||     8
Invok: Berserk           |       |     1 ||     1
  Eat: Chunk             |     3 |     1 ||     4
Armor: Animal skin       |     5 |       ||     5
       Ring mail         |    12 |     5 ||    17
Dodge: Dodged            |    30 |     5 ||    35
Block: Kite shield       |     5 |     8 ||    13
